 Dungeon Crawl Stone Soup version 0.32-a0-931-g5a2cda0630 (webtiles) character file.

Game seed: 16461486802516902945

201440 DimondSprtn the Hoplite (level 19, 0/169 HPs)
             Began as a Formicid Gladiator on Apr 13, 2024.
             Was the Champion of Beogh.
             Shot with an arrow by a satyr (26 damage)
             ... on level 4 of the Shoals.
             The game lasted 01:34:59 (31318 turns).

DimondSprtn the Hoplite (Formicid Gladiator)       Turns: 31318, Time: 01:35:00

Health: 0/169      AC: 27    Str: 33    XL:     19   Next: 25%
Magic:  26/26      EV: 13    Int:  9    God:    Beogh [******]
Gold:   163        SH: 22    Dex: 15    Spells: 18/18 levels left

rFire   . . .        a - +0 quarterstaff (heavy)
rCold   . . .        d - +0 tower shield
rNeg    . . .        O - +3 plate armour
rPois   +            (helmet unavailable)
rElec   .            x - +0 cloak
rCorr   .            u - +1 pair of gloves of the Bruised Continents {^Contam rPois Will- Str+7}
SInv    +            v - +0 pair of boots
Will    .....        q - amulet of Vitality {Regen++ RegenMP++} Stlth
                     J - +4 ring of slaying
HPRegen 2.08/turn    F - +5 ring of evasion
MPRegen 1.00/turn

%: no passive effects
@: weak-willed, afraid, mesmerised
A: walk on water, permanent stasis, dig shafts and tunnels, antennae 3, four
strong arms
}: 1/15 runes: gossamer
a: Dig, Shaft Self, Renounce Religion, Smiting, Recall Apostles, Blood for
Blood, Dismiss Wardok, warrior, Dismiss Borgoth, priest, Dismiss Hawl, wizard


You were on level 4 of the Shoals.
You worshipped Beogh.
Beogh was exalted by your worship.
You visited 5 branches of the dungeon, and saw 30 of its levels.
You visited the Abyss 2 times.

You collected 2906 gold pieces.
You spent 2743 gold pieces at shops.

Inventory:

Hand Weapons
 a - a +0 heavy quarterstaff (weapon)
Missiles
 l - 34 boomerangs (quivered)
 E - 2 curare-tipped darts
 M - 6 throwing nets
Armour
 d - a +0 tower shield (worn)
 t - a scarf of repulsion
 u - the +1 pair of gloves of the Bruised Continents (worn) {^Contam rPois Will- Str+7}
   (You found it on level 6 of the Dungeon)

   Str+7:     It affects your strength (+7).
   rPois:     It protects you from poison.
   Will-:     It decreases your willpower.
   ^Contam:   It causes magical contamination when unequipped.
 v - a +0 pair of boots (worn)
 x - a +0 cloak (worn)
 O - a +3 plate armour (worn)
Jewellery
 q - the amulet of Vitality (around neck) {Regen++ RegenMP++}
   (You bought it in a shop on level 2 of the Orcish Mines)

   [amulet of nothing]

   Regen++:   It increases your rate of health regeneration.
   RegenMP++: It increases your rate of magic regeneration.
 r - a ring of poison resistance
 F - a +5 ring of evasion (right hand)
 I - a ring of positive energy
 J - a +4 ring of slaying (left hand)
 S - a ring of protection from cold
 U - a ring of protection from fire
 Z - the amulet of Ohykhlauv {rElec Regen+ rCorr Str+2}
   (You bought it in a shop on level 2 of the Orcish Mines)

   [amulet of regeneration]

   Str+2:     It affects your strength (+2).
   rElec:     It insulates you from electricity.
   Regen+:    It increases your rate of health regeneration.
   rCorr:     It protects you from acid and corrosion.
Wands
 j - a wand of polymorph (32)
 k - a wand of flame (95)
 p - a wand of charming (42)
 N - a wand of warping (12)
 W - a wand of acid (25)
Scrolls
 b - a scroll of torment
 e - 5 scrolls of vulnerability {unknown}
 g - 4 scrolls of brand weapon
 i - 2 scrolls of revelation
 n - 3 scrolls of poison {unknown}
 s - 2 scrolls of fear {unknown}
 y - 2 scrolls of immolation
 A - 5 scrolls of enchant armour {unknown}
 G - 3 scrolls of noise {unknown}
 H - 5 scrolls of amnesia {unknown}
 K - 5 scrolls of enchant weapon {unknown}
 R - 2 scrolls of acquirement {unknown}
 T - 6 scrolls of fog {unknown}
 V - a scroll of silence
 X - 2 scrolls of butterflies {unknown}
Potions
 c - 6 potions of heal wounds
 h - 19 potions of curing
 o - 7 potions of ambrosia
 w - 5 potions of cancellation
 z - 4 potions of mutation
 B - 7 potions of attraction
 C - 3 potions of might
 D - 3 potions of resistance
 L - 5 potions of lignification
 P - 3 potions of enlightenment
 Q - 2 potions of magic {unknown}
 Y - 2 potions of haste {unknown}
Miscellaneous
 m - a phial of floods


   Skills:
 - Level 20.0 Fighting
 - Level 14.0 Staves
 - Level 2.0 Throwing
 - Level 17.0 Armour
 - Level 2.6 Dodging
 + Level 21.4 Shields
 - Level 10.0 Invocations


You had 18 spell levels left.
You didn't know any spells.
Your spell library contained the following spells:

 Spells                   Type           Power      Damage    Failure   Level
 Apportation              Tloc           0%         N/A       93%         1
 Foxfire                  Conj/Fire      0%         2x1d4     93%         1
 Freeze                   Ice            0%         1d3       93%         1
 Magic Dart               Conj           0%         1d3       93%         1
 Slow                     Hex            0%         N/A       93%         1
 Call Imp                 Summ           0%         N/A       98%         2
 Jinxbite                 Hex            0%         N/A       98%         2
 Lesser Beckoning         Tloc           0%         N/A       98%         2
 Mercury Vapours          Alch/Air       0%         N/A       98%         2
 Static Discharge         Conj/Air       0%         3-3/arc   98%         2
 Confusing Touch          Hex            0%         N/A       100%        3
 Frozen Ramparts          Ice            0%         1d1       100%        3
 Hailstorm                Conj/Ice       0%         3d5       100%        3
 Mephitic Cloud           Conj/Alch/Air  0%         N/A       100%        3
 Teleport Other           Tloc           0%         N/A       100%        3
 Vampiric Draining        Necr           0%         2d6       100%        3
 Airstrike                Air            0%         2d(0-16)  100%        4
 Ignite Poison            Fire/Alch      0%         N/A       100%        4
 Leda's Liquefaction      Alch/Erth      0%         N/A       100%        4
 Passage of Golubria      Tloc           0%         N/A       100%        4
 Petrify                  Alch/Erth      0%         N/A       100%        4
 Sticky Flame             Fire/Alch      0%         2d4       100%        4
 Summon Lightning Spire   Summ/Air       0%         N/A       100%        4
 Alistair's Intoxication  Alch           0%         N/A       100%        5
 Freezing Cloud           Conj/Ice/Air   0%         6-21      100%        5
 Iskenderun's Battlesphe  Conj           0%         2d6       100%        5
 Metabolic Englaciation   Hex/Ice        0%         N/A       100%        5
 Silence                  Hex/Air        0%         N/A       100%        5
 Bombard                  Conj/Erth      0%         9d1       100%        6
 Plasma Beam              Fire/Air       0%         2x1d10    100%        6
 Starburst                Conj/Fire      0%         6d3       100%        6
 Spellforged Servitor     Conj/Summ      0%         N/A       100%        7
 Ignition                 Fire           0%         3d3       100%        8
 Lehudib's Crystal Spear  Conj/Erth      0%         10d2      100%        8
 Blink                    Tloc           Unusable   N/A       N/A         2
 Maxwell's Portable Pile  Tloc           Unusable   2d(5-13)  N/A         3

Dungeon Overview and Level Annotations

Branches:
Dungeon (15/15) Temple (0/1) D:5 Lair (5/5) D:9 Shoals (4/4) Lair:3 Spider (4/4) Lair:2 Slime (0/5) Lair:5 Orc (2/2) D:12 Elf (0/3) Orc:2 Vaults (0/5) D:12 D:13 D:14 Depths (0/4) D:15

Altars:
Ashenzari
Cheibriados
Fedhas
Hepliaklqana
Makhleb
Yredelemnul
The Shining One
Jiyva
Lugonu

Shops:
D:4 (   D:15 =   Orc:2 *[!=

Portals:
Pandemonium: Orc:2


Innate Abilities, Weirdness & Mutations

You can walk on water.
Your facial features are unmistakably orcish.
You cannot be hasted, slowed, berserked, paralysed or teleported.
You can dig through walls and to a lower floor.
You have a pair of large antennae on your head. (SInv)
Your four strong arms can wield two-handed weapons with a shield.


Message History

The satyr shoots an arrow.
The arrow barely misses you.
The merfolk siren chants its luring song.
The faun hits you with a +0 spear!
* * * LOW HITPOINT WARNING * * *
Borgoth hits the satyr from afar with a +3 antimagic trident.
A satyr comes into view. It is wielding a +0 longbow.
You hammer the faun like a gong!!!
You kill the faun!
Beogh accepts your kill.
Borgoth seems to regain her courage.
The satyr plays a frightful melody on its pipes!
The satyr radiates an aura of fear!
Borgoth resists with some effort.
The merfolk siren closely misses you.
Borgoth mumbles some strange prayers to Beogh against the satyr.
The satyr is smitten.
The satyr shoots an arrow.
The arrow completely misses you.
You attempt to attack the satyr, but flinch away in fear!
The satyr no longer looks unusually strong.
The satyr shoots an arrow.
You block the arrow.
The merfolk siren chants its luring song.
A sling bullet appears from out of your range of vision.
The sling bullet hits Wardok.
Borgoth hits the satyr from afar with a +3 antimagic trident!
The satyr's magic leaks into the air.
The satyr plays a frightful melody on its pipes!
The satyr radiates an aura of fear!
You attempt to attack the satyr, but flinch away in fear!
The satyr shoots an arrow.
You block the arrow.
The merfolk siren chants its luring song.
Borgoth utters an invocation to Beogh.
Borgoth's wounds begin to rapidly close.
The satyr shoots an arrow.
You block the arrow.
A sling bullet appears from out of your range of vision.
The sling bullet hits Wardok.
You bludgeon the satyr!!
The satyr is severely wounded.
The satyr's magic is no longer disrupted.
The satyr shoots an arrow.
The arrow hits you!!
You die...

≈≈≈≈≈≈≈≈≈≈≈≈ ≈≈≈≈≈≈≈≈≈≈≈≈
≈≈≈≈≈≈≈≈≈≈≈≈ ##
≈≈≈≈≈≈≈≈≈≈≈≈ ####. ###
≈≈≈≈≈≈≈≈≈≈≈≈ #....~
..###≈≈≈≈≈≈≈≈≈≈≈≈
#..~###o..###≈≈≈≈≈≈≈≈≈≈
#..c#.#~~~.##≈≈≈≈≈≈≈≈ ~
#.()@o###~~~###≈≈≈≈≈≈
H....o†)#...###~~~..~~~~~
.~.~##m.###....#~~~##~~~~
..# #...# ##..~##~~~##~~~
# .~.### ##~).##~~~##~~
...# ...c.##~~~#.~ ..~.
#..{####~~~##~ ##.. .....
#~..#.~ ....... #~...#~


You could see 2 satyrs, a merfolk siren (mesmerising, ally target), the friendly
Borgoth the orc apostle (regenerating), the friendly Hawl the orc apostle and
the friendly Wardok the orc apostle.

Vanquished Creatures
  Asterion (Spider:4)
  A kraken (Shoals:1)
  Gastronok (D:9)
  A sphinx (Shoals:4)
  2 tentacled starspawn (Abyss:2)
  4 emperor scorpions (Spider:4)
  4 ghost moths
  A broodmother (Spider:3)
  A spark wasp (Spider:4)
  Snorg (D:11)
  2 merfolk impalers
  3 entropy weavers
  A rakshasa (Abyss:2)
  2 catoblepae
  A demonspawn (Orc:2)
  An alligator snapping turtle (Shoals:2)
  5 centaur warriors
  A hydra (Lair:5)
  6 boulder beetles
  A jorogumo (Spider:2)
  2 two-headed ogres
  2 death yaks (Lair:5)
  2 merfolk aquamancers (Shoals:3)
  A tengu warrior (D:14)
  3 satyrs (Shoals:4)
  2 demonic crawlers
  A thrashing horror (Abyss:2)
  2 wretched stars (Abyss:2)
  2 skeletal warriors (D:14)
  2 skysharks (Shoals:1)
  2 orb spiders
  A shadow wraith (Abyss:2)
  7 sea snakes
  2 sun moths (Spider:3)
  A glowing orange brain (D:15)
  6 harpies
  4 steelbarb worms
  9 ugly things
  8 wolf spiders
  3 orc knights
  2 orc sorcerers (Orc:2)
  2 deep elf pyromancers
  3 cyclopes
  2 fauns
  9 manticores
  2 worldbinders (Abyss:2)
  2 large abominations (Abyss:2)
  A meliai (Spider:2)
  A moth of wrath (Spider:4)
  11 elephants (Lair:5)
  3 merfolk sirens
  2 black mambas
  2 smoke demons
  4 water nymphs
  7 cane toads
  2 orange demons
  Jeremiah (D:8)
  3 torpor snails
  Maggie (D:7)
  3 unseen horrors
  3 kobold demonologists
  A rime drake (Lair:2)
  An unseen horror (shapeshifter) (D:14)
  Psyche (D:9)
  5 komodo dragons
  2 tengu conjurers
  3 wind drakes
  14 merfolk
  4 polar bears
  A red devil (Shoals:2)
  A tarantella (shapeshifter) (D:13)
  6 trolls
  4 hornets
  13 tarantellas
  5 dream sheep
  A tyrant leech (D:14)
  A blink frog (Lair:5)
  11 jumping spiders
  4 snapping turtles
  6 slime creatures
  3 culicivoras (Spider:2)
  A centaur simulacrum (D:15)
  4 small abominations (Abyss:2)
  2 shadows
  A vampire (D:9)
  2 ynoxinuls (Abyss:2)
  5 wyverns
  44 yaks
  3 wraiths
  A water elemental (Shoals:3)
  A basilisk (Lair:3)
  41 redbacks
  3 steam dragons
  A warg (Orc:2)
  2 vampire mosquitoes (D:14)
  14 humans
  4 swamp worms (D:14)
  Edmund (D:5)
  2 acid dragons
  8 water moccasins
  An ice beast (D:7)
  10 orc warriors
  A black bear (D:6)
  3 laughing skulls
  7 wolves
  4 ogres
  11 centaurs
  A kobold brigand (D:14)
  8 bullfrogs
  A weeping skull (D:4)
  A brain worm (D:5)
  A gnoll sergeant (D:9)
  2 scorpions
  4 wights (D:6)
  2 electric eels
  9 howler monkeys
  A lava snake (D:7)
  3 bombardier beetles
  A gnoll bouda (D:8)
  2 quasits (Abyss:2)
  3 hounds
  2 iron imps (Abyss:2)
  6 jellies
  5 orc priests
  A sleepcap (D:8)
  4 iguanas
  6 hell rats
  10 orc wizards
  17 gnolls
  4 adders
  8 river rats
  A shadow imp (D:7)
  3 white imps
  2 dart slugs (D:1)
  3 ribbon worms
  31 orcs
  3 endoplasms
  A giant cockroach (D:1)
  8 goblins
  5 hobgoblins
  2 jackals (D:1)
  A quokka (D:5)
  2 ball pythons (D:1)
  5 bats
  2 frilled lizards
  7 kobolds
  3 rats
  A spectral orc (D:4)
  A tentacle (Shoals:1)
615 creatures vanquished.

Vanquished Creatures (collateral kills)
  Arachne (Spider:3)
  Rupert (D:12)
  An emperor scorpion (Spider:4)
  A ghost moth (Spider:4)
  Louise (Spider:4)
  A formless jellyfish (Shoals:3)
  A very ugly thing (D:15)
  A broodmother (Spider:3)
  A dire elephant (Lair:5)
  3 merfolk impalers
  An entropy weaver (Spider:4)
  Erolcha (D:10)
  4 hydras
  A demonspawn (Orc:2)
  3 merfolk aquamancers (Shoals:3)
  2 merfolk avatars
  A radroach (Spider:1)
  A jorogumo (Spider:2)
  2 boulder beetles
  A death yak (Lair:5)
  3 orc high priests (Orc:2)
  A deep troll shaman (Lair:5)
  3 demonic crawlers
  Amaemon (Lair:3)
  3 skysharks
  3 skeletal warriors (D:14)
  3 orb spiders
  3 pharaoh ants
  3 sea snakes
  A sun moth (Spider:4)
  8 wolf spiders
  7 harpies
  An orc knight (Orc:2)
  6 ugly things
  A steelbarb worm (Spider:4)
  2 orc sorcerers (Orc:2)
  4 fauns (Shoals:2)
  2 manticores
  A large abomination (Abyss:2)
  2 moths of wrath
  7 elephants (Lair:5)
  A cyclops (D:14)
  2 meliai (Spider:2)
  2 merfolk sirens
  A black mamba (Lair:5)
  A kobold blastminer (Orc:2)
  2 smoke demons
  2 water nymphs (Shoals:3)
  A torpor snail (Spider:3)
  A guardian serpent (Abyss:2)
  2 cane toads (Lair:4)
  A kobold demonologist (D:14)
  A komodo dragon (D:13)
  An ice devil (D:12)
  An ancient zyme (Abyss:2)
  13 merfolk
  A red devil (Shoals:2)
  A polar bear (Lair:5)
  8 tarantellas
  3 wind drakes
  8 jumping spiders
  A troll (D:12)
  A hornet (Spider:4)
  4 blink frogs (Lair:5)
  3 snapping turtles
  9 dream sheep
  4 slime creatures
  9 culicivoras
  A wraith (D:13)
  18 yaks
  9 water elementals
  2 basilisks
  2 humans (D:13)
  2 wargs
  14 redbacks
  A redback (shapeshifter) (D:15)
  A neqoxec (Abyss:2)
  A small abomination (Abyss:2)
  2 water moccasins (Lair:5)
  8 orc warriors
  13 wolves
  2 ogres
  2 kobold brigands (D:12)
  A gnoll sergeant (D:12)
  A bullfrog (Lair:1)
  A jelly (Lair:5)
  An electric eel (Spider:4)
  3 orc priests (Orc:2)
  Ijyb (D:3)
  2 orc wizards
  A hell rat (Lair:5)
  2 gnolls (D:12)
  6 river rats
  A white imp (Abyss:2)
  5 orcs
  2 kobolds (D:14)
  2 rats
  A starspawn tentacle (Abyss:2)
286 creatures vanquished.

Vanquished Creatures (others)
  A ghost moth (Spider:4)
  2 orc warlords (Spider:3)
  3 orc high priests
  12 orc apostles
  3 orc knights
  2 orc sorcerers (Orc:2)
  14 orc warriors
  2 ogres (Orc:1)
  An electric eel (Spider:4)
  14 orc priests
  An orc wizard (D:12)
  25 orcs
  8 foxfires (Spider:3)
  A lurking horror (Abyss:2)
  3 starspawn tentacles (Abyss:2)
  3 tentacles (Shoals:1)
95 creatures vanquished.

Grand Total: 996 creatures vanquished

Notes
Turn   | Place    | Note
-------+----------+-------------------------------------------
     0 | D:1      | DimondSprtn the Formicid Gladiator began the quest for the
                  | Orb.
     0 | D:1      | Reached XP level 1. HP: 16/16 MP: 1/1
   190 | D:1      | Reached XP level 2. HP: 19/23 MP: 2/2
   461 | D:1      | Reached XP level 3. HP: 27/28 MP: 3/3
  1106 | D:2      | Reached XP level 4. HP: 26/35 MP: 4/4
  1716 | D:3      | Noticed Ijyb
  2322 | D:4      | Identified the +4 whip "Nexumi" {drain, rCorr Str+8 Dex-4
                  | SInv}
  2369 | D:4      | Reached skill level 1 in Armour
  2373 | D:4      | Found a basalt altar of Yredelemnul.
  2373 | D:4      | Noticed a weeping skull
  2443 | D:4      | Reached XP level 5. HP: 41/41 MP: 5/5
  2459 | D:4      | Found Vyry's Antique Weapon Boutique.
  2546 | D:4      | Noticed an ogre
  2557 | D:4      | Killed an ogre
  2558 | D:4      | Reached skill level 5 in Staves
  2558 | D:4      | Reached XP level 6. HP: 31/48 MP: 6/6
  3227 | D:5      | Entered Level 5 of the Dungeon
  3228 | D:5      | Noticed Edmund
  3326 | D:5      | Reached XP level 7. HP: 55/55 MP: 7/7
  3644 | D:5      | Killed Edmund
  3796 | D:5      | Became a worshipper of Beogh the Shepherd
  3802 | D:5      | You fall into a shaft and drop 2 floors!
  3997 | D:7      | Reached skill level 5 in Fighting
  3997 | D:7      | Reached XP level 8. HP: 60/62 MP: 8/8
  4103 | D:6      | Found a burning altar of Makhleb.
  4367 | D:5      | Found a staircase to the Ecumenical Temple.
  4753 | D:5      | Reached skill level 5 in Armour
  5149 | D:6      | Reached XP level 9. HP: 68/69 MP: 9/9
  5158 | D:6      | Identified the +1 pair of gloves of the Bruised Continents
                  | {^Contam rPois Will- Str+7}
  5245 | D:6      | Reached * piety under Beogh
  6119 | D:7      | Found a snail-covered altar of Cheibriados.
  6443 | D:7      | Found a hazy altar of Hepliaklqana.
  6616 | D:7      | Identified the +3 trident of Propriety {holy, rC+ Will+}
  6670 | D:7      | Noticed Maggie
  6686 | D:7      | Killed Maggie
  6984 | D:8      | Reached XP level 10. HP: 73/79 MP: 10/10
  7045 | D:8      | Found a blossoming altar of Fedhas.
  7136 | D:8      | Noticed Jeremiah
  7168 | D:8      | Killed Jeremiah
  7169 | D:8      | Reached skill level 10 in Staves
  8160 | D:9      | Noticed Psyche
  8165 | D:9      | Killed Psyche
  8433 | D:9      | Found a glowing golden altar of the Shining One.
  8433 | D:9      | Found a broken altar of Ashenzari.
  8478 | D:9      | Reached ** piety under Beogh
  8834 | D:9      | Noticed Gastronok
  8867 | D:9      | Killed Gastronok
  8868 | D:9      | Reached XP level 11. HP: 89/89 MP: 11/11
  8950 | D:9      | Found a staircase to the Lair.
  9103 | D:10     | Entered Level 10 of the Dungeon
  9454 | D:10     | Noticed Erolcha
  9490 | D:9      | You fall into a shaft and drop 1 floor!
  9930 | D:11     | Noticed a manticore
  9943 | D:11     | Killed a manticore
 10058 | D:11     | Found the amulet of Elemental Vulnerability {rPois rF--
                  | rC-- AC+8}
 10411 | D:11     | Found a glowing golden altar of the Shining One.
 10494 | D:11     | Reached skill level 10 in Fighting
 10574 | D:11     | Noticed Snorg
 10819 | D:11     | Noticed a boulder beetle
 10841 | D:11     | Killed a boulder beetle
 10971 | Lair:1   | Entered Level 1 of the Lair of Beasts
 11013 | Lair:1   | Reached *** piety under Beogh
 11014 | Lair:1   | Reached XP level 12. HP: 83/98 MP: 12/12
 11030 | Lair:1   | Noticed Blodwig
 11046 | Lair:1   | Anointed Blodwig the wizard as your apostle
 11181 | Lair:1   | Noticed a skyshark
 11194 | Lair:1   | Killed a skyshark
 11195 | Lair:1   | Reached skill level 10 in Armour
 12198 | Lair:2   | Noticed a four-headed hydra
 12206 | Lair:2   | Killed a four-headed hydra
 12281 | Lair:2   | Noticed Wardok
 12293 | Lair:2   | Anointed Wardok the warrior as your apostle
 12356 | Lair:2   | Found a hole to the Spider Nest.
 12913 | Lair:3   | Noticed Nergalle
 12921 | Lair:3   | Pacified Nergalle
 12933 | Lair:3   | Noticed Amaemon
 12942 | Lair:3   | Killed Amaemon
 13063 | Lair:3   | Found a staircase to the Shoals.
 13070 | Lair:3   | Reached **** piety under Beogh
 13208 | Lair:3   | Noticed an eight-headed hydra
 13214 | Lair:3   | Killed an eight-headed hydra
 13344 | Lair:3   | Reached XP level 13. HP: 105/109 MP: 13/13
 14491 | Lair:4   | Reached ***** piety under Beogh
 14512 | Lair:4   | Anointed Bolgrim the priest as your apostle
 15001 | Lair:5   | Entered Level 5 of the Lair of Beasts
 15102 | Lair:5   | Reached skill level 15 in Fighting
 15208 | Lair:5   | Reached XP level 14. HP: 111/123 MP: 14/14
 15609 | Lair:5   | Found a staircase to the Slime Pits.
 15610 | Lair:5   | Found a viscous altar of Jiyva.
 15735 | Lair:5   | Identified the +4 sling of Turmoil {elec, *Corrode Str+7}
 15986 | Lair:5   | Reached skill level 1 in Invocations
 15993 | Lair:5   | Noticed a dire elephant
 15999 | Lair:5   | Killed a dire elephant
 16622 | D:11     | Killed Snorg
 16623 | D:11     | Reached skill level 5 in Invocations
 16779 | D:12     | Found a staircase to the Orcish Mines.
 16783 | D:12     | Identified the +6 dagger "Jupti" {protect, *Noise rN+ rCorr
                  | Str+8}
 16845 | D:12     | Identified the +2 robe of Repulsion {Harm Fly Stlth+}
 16845 | D:12     | Noticed Olfrun
 16854 | D:12     | Anointed Olfrun the wizard as your apostle
 17155 | D:12     | Reached ****** piety under Beogh
 17523 | D:12     | Found a corrupted altar of Lugonu.
 17568 | Orc:1    | Entered Level 1 of the Orcish Mines
 17574 | Orc:1    | Reached XP level 15. HP: 128/129 MP: 20/20
 17704 | Orc:2    | Entered Level 2 of the Orcish Mines
 18108 | Orc:2    | Found a staircase to the Elven Halls.
 18418 | Orc:2    | Found Nateoqel's General Store.
 18422 | Orc:2    | Found Murou's Distillery.
 18609 | Orc:2    | Bought a potion of lignification for 42 gold pieces
 18609 | Orc:2    | Bought a potion of cancellation for 112 gold pieces
 18611 | Orc:2    | Bought the amulet of Ohykhlauv {rElec Regen+ rCorr Str+2}
                  | for 591 gold pieces
 18625 | Orc:2    | Bought a potion of curing for 42 gold pieces
 18625 | Orc:2    | Bought a potion of curing for 42 gold pieces
 18625 | Orc:2    | Bought a potion of heal wounds for 70 gold pieces
 18653 | Orc:2    | Your ally Bolgrim died
 18663 | Orc:2    | Your ally Olfrun died
 18685 | Orc:2    | Reached skill level 10 in Invocations
 18904 | Orc:2    | Found Ohegytre's Antique Armour Boutique.
 18904 | Orc:2    | Found Gayz's Jewellery Shop.
 18905 | Orc:2    | Found a one-way gate leading to the halls of Pandemonium.
 18915 | Orc:2    | Bought a kite shield for 144 gold pieces
 19284 | D:13     | Noticed Rupert
 19284 | D:13     | Found a gate to the Vaults.
 19355 | D:13     | Reached skill level 1 in Shields
 19383 | D:13     | Reached skill level 2 in Shields
 19385 | D:13     | Reached skill level 3 in Shields
 19434 | D:13     | Reached skill level 4 in Shields
 19468 | D:13     | Reached skill level 5 in Shields
 19675 | D:13     | Your ally Wardok died
 19685 | D:13     | You fall into a shaft and drop 1 floor!
 19856 | D:14     | Reached skill level 6 in Shields
 19918 | D:14     | Reached skill level 7 in Shields
 20116 | D:12     | Reached skill level 8 in Shields
 20427 | D:13     | Reached skill level 9 in Shields
 20607 | D:12     | You fall into a shaft and drop 2 floors!
 20642 | D:14     | Reached skill level 10 in Shields
 21346 | D:12     | Killed Rupert
 21386 | D:14     | Reached skill level 11 in Shields
 21393 | D:14     | Reached XP level 16. HP: 132/141 MP: 23/23
 21473 | D:14     | Reached skill level 12 in Shields
 21515 | D:14     | Anointed Borgoth the priest as your apostle
 21770 | D:15     | Entered Level 15 of the Dungeon
 21892 | D:15     | Reached skill level 13 in Shields
 22133 | D:15     | Found Yresodal's Jewellery Shop.
 22207 | D:15     | Reached skill level 14 in Shields
 22335 | D:15     | Found a staircase to the Depths.
 22516 | Abyss:2  | Cast into level 2 of the Abyss (Erolcha)
 22524 | D:10     | Escaped the Abyss
 22530 | D:10     | Your ally Wardok died
 22530 | D:10     | Killed Erolcha
 22814 | D:3      | Killed Ijyb
 23013 | Spider:1 | Entered Level 1 of the Spider Nest
 23019 | Spider:1 | Reached skill level 15 in Shields
 23373 | Spider:1 | Reached skill level 15 in Armour
 23812 | Spider:1 | Your ally Olfrun died
 24074 | Spider:2 | Reached XP level 17. HP: 149/149 MP: 24/24
 24688 | Spider:3 | Noticed Arachne
 24702 | Spider:3 | Your ally Olfrun died
 24702 | Spider:3 | Your ally Borgoth died
 24704 | Spider:3 | Your ally Wardok died
 24710 | Spider:3 | Killed Arachne
 25122 | Spider:4 | Entered Level 4 of the Spider Nest
 25472 | Spider:3 | Reached skill level 16 in Shields
 25548 | Spider:3 | Identified the +5 dagger of the Wasp {elec, *Rage MP+9
                  | Stlth+}
 25548 | Spider:3 | Identified the +0 robe of the Pink Corner {MP+9 Dex-4
                  | Slay+2}
 25681 | Spider:4 | Noticed Louise
 26264 | Abyss:2  | Cast into level 2 of the Abyss (Louise)
 26326 | Abyss:2  | Noticed a tentacled starspawn
 26352 | Abyss:2  | Killed a tentacled starspawn
 26535 | Abyss:2  | Noticed a tentacled starspawn
 26540 | Abyss:2  | Killed a tentacled starspawn
 26589 | Spider:4 | Escaped the Abyss
 26592 | Spider:4 | Killed Louise
 27326 | Spider:4 | Noticed Asterion
 27330 | Spider:4 | Reached XP level 18. HP: 160/160 MP: 25/25
 27335 | Spider:4 | Killed Asterion
 27342 | Spider:4 | Reached skill level 17 in Shields
 27348 | Spider:4 | Your ally Olfrun died
 27550 | Spider:4 | Your ally Borgoth died
 27709 | Spider:4 | Got a gossamer rune of Zot
 27876 | Shoals:1 | Entered Level 1 of the Shoals
 28020 | Shoals:1 | Noticed a kraken
 28031 | Shoals:1 | Killed a kraken
 28645 | Shoals:2 | Reached skill level 18 in Shields
 28805 | Shoals:2 | Identified the +8 dagger of the Forsaken Ghosts {antimagic,
                  | Str+3}
 28814 | Shoals:2 | Anointed Hawl the wizard as your apostle
 29044 | Shoals:2 | Reached skill level 19 in Shields
 29790 | Orc:2    | Bought the amulet of Vitality {Regen++ RegenMP++} for 1700
                  | gold pieces
 29790 | Orc:2    | Found the amulet of Vitality {Regen++ RegenMP++}
 30051 | Shoals:3 | Your ally Borgoth died
 30378 | Shoals:3 | Reached skill level 20 in Shields
 30858 | Shoals:4 | Entered Level 4 of the Shoals
 30867 | Shoals:4 | Reached XP level 19. HP: 169/169 MP: 26/26
 31041 | Shoals:3 | Your ally Hawl died
 31173 | Shoals:4 | Reached skill level 21 in Shields
 31318 | Shoals:4 | Shot with an arrow by a satyr

Illustrated notes

Levels and vault maps discovered:
D:1:      dpeg_arrival_long_road, layout_basic
D:2:      layout_basic
D:3:      layout_loops_cross, st_stairs_8, kennysheep_generic_room_4, uniq_ijyb
D:4:      layout_basic, yredelemnul_forgotten_temple_becter, serial_shops,
          nicolae_shop_overgrown_old_shop,
          hangedman_abyss_or_decor_jellyfish_corner,
          corexii_item_surrounded_by_moat, minmay_puff
D:5:      layout_cave_pools, minmay_temple_entry_from_below_b,
          kennysheep_generic_room_10, uniq_edmund
D:6:      layout_loops_corners, mainiacjoe_overflow_boulevard
D:7:      layout_loops_cross, nzn_hepliaklqana_mist_gate,
          nicolae_overflow_crystal_walls, kennysheep_generic_room_9, uniq_maggie
D:8:      layout_basic, mainiacjoe_overflow_six_doors_small, serial_rivers,
          chequers_serial_rivers_small_a, chequers_serial_rivers_micro_b,
          chequers_serial_rivers_small_a, chequers_serial_rivers_marsh,
          st_stairs_14, uniq_jeremiah
D:9:      layout_irregular_city, gammafunk_temple_overflow_wave,
          david_lair_shrubbed, uniq_gastronok, uniq_psyche
D:10:     layout_big_octagon, hangedman_abyss_or_decor_lesser_grid, uniq_erolcha
D:11:     layout_roguey, nicolae_tso_swordbearing_angel, uniq_snorg
D:12:     layout_small_grid, erik_orc_4, marbit_kobold_abyssish
D:13:     layout_cave_pods, david_vaults_3
D:14:     layout_loops_ring, minmay_misc_feat_square, worms_lemuel, uniq_rupert
D:15:     gammafunk_enter_depths_forms, layout_basic, serial_shops,
          nicolae_shop_tiny_waterfront
Lair:1:   layout_loops_ring, serial_bayou_shore_a, lemuel_fruit_tree
Lair:2:   layout_roguey, spider_nest_entry_web_field, kennysheep_rathole
Lair:3:   layout_regular_city, minmay_shoals_entry_beasts,
          serial_bayou_lagoon_a, uniq_amaemon, uniq_nergalle
Lair:4:   layout_small_grid, beast_lair_carwin_9
Lair:5:   grunt_lair_end_beastmaster, layout_gridlike,
          nicolae_slime_entry_field_trip, nicolae_quartered_pool_medium,
          pdpol_lair_neglected_garden, kennysheep_abandoned_house,
          infiniplex_staircase_pool_2
Shoals:1: layout_shoals
Shoals:2: layout_shoals, nicolae_shoals_former_cling_halls
Shoals:3: layout_shoals, nicolae_shoals_water_shrine
Shoals:4: shoals_end_hellmonk_lost_city
Spider:1: layout_spider_delve
Spider:2: layout_spider_delve, hangedman_spider_mandibles
Spider:3: layout_spider_delve, uniq_arachne
Spider:4: spider_rune_water, guppyfry_spider_mini_3, uniq_asterion, uniq_louise
Orc:1:    layout_caves
Orc:2:    pf_orc_diabolical, layout_caves

Skill      XL: |  1  2  3  4  5  6  7  8  9 10 11 12 13 14 15 16 17 18 19 |
---------------+----------------------------------------------------------+-----
Staves         | 4 5 6 8 9 12 13 14 | 14.0
Fighting       | 3 4 5 6 7 9 10 12 15 17 19 20 | 20.0
Armour         | 1 2 3 5 6 8 9 11 13 14 15 16 17 | 17.0
Invocations    | 7 10 | 10.0
Shields        | 11 15 16 20 21 | 21.4
Throwing       | |  2.0
Dodging        | |  2.6

Action                     |  1- 3 |  4- 6 |  7- 9 | 10-12 | 13-15 | 16-18 | 19-21 || total
---------------------------+-------+-------+-------+-------+-------+-------+-------++-------
  Melee: Quarterstaff      |    80 |   140 |   274 |   497 |   533 |   752 |    85 ||  2361
  Throw: Dart              |       |     7 |    24 |    16 |     1 |       |       ||    48
         Throwing net      |       |       |     4 |     2 |       |       |       ||     6
         Javelin           |       |       |     1 |       |       |       |       ||     1
         Boomerang         |       |       |     7 |     8 |     8 |     4 |       ||    27
 Invoke: Convert to Beogh  |       |       |     1 |       |       |       |       ||     1
         Recruit Apostle   |       |       |       |     2 |     2 |     2 |       ||     6
         Recall Apostles   |       |       |       |       |     1 |    10 |     4 ||    15
         Dismiss Apostle   |       |       |       |       |     1 |     2 |       ||     3
         Blood for Blood   |       |       |       |       |     1 |     2 |       ||     3
         Smiting           |       |       |       |       |       |     8 |       ||     8
Ability: Shaft Self        |       |       |     1 |     1 |     2 |       |       ||     4
         Dig               |       |       |       |     2 |     2 |     1 |       ||     5
  Evoke: Wand              |       |       |     3 |       |       |     1 |       ||     4
    Use: Scroll            |       |       |     7 |     7 |       |     4 |     1 ||    19
         Potion            |       |       |     1 |       |     1 |     3 |       ||     5
   Stab: Distracted        |     1 |       |       |     1 |     8 |     8 |     2 ||    20
         Sleeping          |     1 |       |       |       |       |       |       ||     1
         Held in net/web   |       |       |     2 |     4 |       |       |       ||     6
         Confused          |       |       |       |       |       |     2 |       ||     2
 Armour: Leather armour    |    39 |       |       |       |       |       |       ||    39
         Ring mail         |     3 |       |       |       |       |       |       ||     3
         Plate armour      |       |    90 |   185 |   313 |   434 |   537 |    66 ||  1625
  Dodge: Dodged            |    54 |    31 |    98 |   268 |   311 |   356 |    36 ||  1154
         Repelled          |       |     1 |       |       |       |       |       ||     1
  Block: Kite shield       |       |       |       |       |   126 |   333 |       ||   459
         Tower shield      |       |       |       |       |       |   366 |   154 ||   520

Table legend: (Time is in decaauts)
 A = Elapsed time spent in this place.
 B = Non-inter-level travel time spent in this place.
 C = Inter-level travel time spent in this place.
 D = Time resting spent in this place.
 E = Time spent auto-exploring this place.
 F = Levels seen in this place.
 G = Mean time per level.
                   A        B        C        D        E       F      G
               +--------+--------+--------+--------+--------+-----+--------+
         Total |  31176 |  28032 |   3144 |   2959 |  18950 |  32 |  974.2 |
       Dungeon |  15819 |  14188 |   1631 |   1423 |   9579 |  15 | 1054.6 |
          Lair |   5730 |   5214 |    516 |    393 |   4002 |   5 | 1146.0 |
        Shoals |   2968 |   2811 |    157 |    276 |   1940 |   4 |  742.0 |
   Spider Nest |   4507 |   3940 |    567 |    622 |   2365 |   4 | 1126.8 |
  Orcish Mines |   1823 |   1552 |    271 |    154 |   1064 |   2 |  911.5 |
         Abyss |    326 |    326 |      0 |     90 |      0 |   2 |  163.0 |
               +--------+--------+--------+--------+--------+-----+--------+

Top non-repeatable levels by time:
Spider:3: 1720 daAuts
   Orc:2: 1496 daAuts
     D:4: 1481 daAuts
Spider:4: 1419 daAuts
  Lair:5: 1382 daAuts
     D:6: 1339 daAuts
     D:9: 1319 daAuts
     D:7: 1296 daAuts
  Lair:3: 1250 daAuts
    D:13: 1222 daAuts
    D:12: 1190 daAuts
    D:11: 1183 daAuts
    D:14: 1115 daAuts
  Lair:1: 1095 daAuts
     D:8: 1064 daAuts
